 Dungeon Crawl Stone Soup version 0.20.1-1-g8b1a95d66d (webtiles) character file.

12320 Gargoyl the Cleaver (level 11, -5/84 HPs)
             Began as a Centaur Abyssal Knight on Nov 22, 2017.
             Was a High Priest of Lugonu.
             Engulfed by an ice statue's freezing vapour (19 damage)
             ... in an ice cave.
             The game lasted 00:32:01 (14525 turns).

Gargoyl the Cleaver (Centaur Abyssal Knight)       Turns: 14525, Time: 00:32:02

Health: -5/84      AC: 34    Str: 21    XL:     11   Next: 60%
Magic:  17/17      EV:  5    Int: 11    God:    Lugonu [*****.]
Gold:   346        SH:  0    Dex:  9    Spells: 10/10 levels left

rFire    . . .     SeeInvis .   I - +3 hand axe (drain)
rCold    . . .     Gourm    .   (no shield)
rNeg     . . .     Faith    .   D - +14 plate armour of Valour {rElec Stlth+}
rPois    .         Spirit   .   C - +2 helmet
rElec    +         Reflect  .   n - +1 cloak
rCorr    .         Harm     .   q - +2 pair of gloves {archery}
MR       .....                  (no barding)
Stlth    ..........             (no amulet)
Regen    0.3/turn               j - +5 ring of strength
MPRegen  0.2/turn               (no ring)

@: very quick
A: hooves 3, clumsy 1, deformed body, speed 2, frail 1, tough skin 3
a: Depart the Abyss, Bend Space, Banish, Corrupt, Enter the Abyss, Renounce
Religion


You were in an ice cave.
You worshipped Lugonu.
Lugonu was extremely pleased with you.
You were very hungry.

You visited 2 branches of the dungeon, and saw 12 of its levels.
You visited the Abyss 1 time.
You also visited: Ossuary and Ice Cave.

You collected 764 gold pieces.
You spent 418 gold pieces at shops.

Inventory:

Hand Weapons
 a - a +4 hand axe
 f - a +0 broad axe
 s - a +2 war axe
 G - the +7 mace of Ravage {crush, Stlth+}
   (You bought it in a shop on level 7 of the Dungeon)

   It inflicts extra damage upon your enemies.
   It makes you more stealthy.
 I - a +3 hand axe of draining (weapon)
Missiles
 F - 14 javelins (quivered)
Armour
 n - a +1 cloak (worn)
 q - a +2 pair of gloves of archery (worn)
 C - a +2 helmet (worn)
 D - the +14 plate armour of Valour (worn) {rElec Stlth+}
   (You found it on level 7 of the Dungeon)

   It insulates you from electricity.
   It makes you more stealthy.
Jewellery
 j - a +5 ring of strength (left hand)
Wands
 h - a wand of lightning (7/15)
 p - a wand of polymorph (24/24)
 u - a wand of random effects (29/48)
Scrolls
 k - 6 scrolls of identify
 m - 6 scrolls of remove curse
 y - a scroll of amnesia
 A - 4 scrolls of fear
 B - a scroll of teleportation
 K - a scroll of magic mapping
Potions
 d - a potion of haste
 e - 2 potions of berserk rage
 l - 3 potions of might
 o - a potion of brilliance
 v - 3 potions of flight
 w - a potion of invisibility
 x - 3 potions of agility
 E - a potion of cancellation {unknown}
Books
 r - a book of Flames

   Spells                             Type                      Level
   a - Flame Tongue                   Conjuration/Fire             1
   b - Throw Flame                    Conjuration/Fire             2
   c - Conjure Flame                  Conjuration/Fire             3
   d - Inner Flame                    Hexes/Fire                   3
   e - Sticky Flame                   Conjuration/Fire             4
   f - Fireball                       Conjuration/Fire             5
Comestibles
 c - 4 bread rations
 g - 4 meat rations
 i - 5 royal jellies
 t - 9 fruits


   Skills:
 + Level 7.9 Fighting
 + Level 9.6(10.0) Axes
 + Level 4.0(7.3) Maces & Flails
 + Level 1.6 Throwing
 * Level 7.0 Armour
 + Level 3.9 Dodging
 * Level 8.8 Invocations
 + Level 0.1 Evocations


You had 10 spell levels left.
You didn't know any spells.

Dungeon Overview and Level Annotations

Branches:
Dungeon (10/15)            Temple (0/1) D:5            Lair (2/6) D:10
    Orc (0/2) D:9
  Swamp: Lair:2-4    Shoals: Lair:2-4     Snake: Lair:2-4    Spider: Lair:2-4

Altars:
Ashenzari
Elyvilon
Fedhas
Makhleb
Sif Muna
Xom
Yredelemnul
Beogh

Shops:
D:6 (   D:7 [:[*[   D:8 [*}[

Annotations:
IceCv exclusion: ice statue


Innate Abilities, Weirdness & Mutations

You have hooves in place of feet.
Armour fits poorly on your strangely shaped body.
You cover ground very quickly.
You have extremely tough skin. (AC +3)
You are clumsy. (Dex -2)
You are frail. (-10% HP)


Message History

You hit the ice statue. You kick the ice statue.
The ice statue is severely damaged.
You are engulfed in freezing vapours.
The ice statue gestures at you. The bolt of cold hits you!
* * * LOW HITPOINT WARNING * * *
You hit the ice statue.
The ice statue is severely damaged.
You are engulfed in freezing vapours.
* * * LOW HITPOINT WARNING * * *
The ice statue gestures.
You hit the ice statue.
The ice statue is almost destroyed.
You hit the ice beast.
You are engulfed in freezing vapours.
* * * LOW HITPOINT WARNING * * *
The ice statue glitters chillingly in the dim dungeon light.
The ice statue gestures.
Unknown command.
You feel better.
You are engulfed in freezing vapours.
You die...

#### ##.#.#### ####
##....YY8# #### ##..##
#.....§@####..#####....#
#.....§§§##....##.......
#....§..§...#.......∩.∩.
##.........###..........
#.......### ##..##....#
#......## ######..##
#.......# #### ##.....##
##....#


You could see an ice statue and 2 ice beasts.

Vanquished Creatures
  Gastronok (D:9)
  A two-headed ogre (D:8)
  An ice statue (IceCv)
  A centaur skeleton (D:10)
  2 spiny frogs (Lair:1)
  2 komodo dragons
  Prince Ribbit (D:6)
  4 hippogriffs
  A wyvern (D:8)
  A wraith (D:10)
  6 yaks
  A hungry ghost (D:7)
  A vampire mosquito (D:7)
  13 orc warriors
  A porcupine (Lair:2)
  3 sky beasts
  4 ogres
  3 phantoms
  4 centaurs
  3 crocodiles
  2 elf zombies (Ossuary)
  Blork the orc (D:4)
  A big kobold (D:7)
  4 bullfrogs
  A wyvern zombie (D:7)
  6 scorpions
  5 wights (D:7)
  An electric eel (D:10)
  A centaur zombie (D:7)
  8 crimson imps
  6 hounds
  9 orc priests
  13 orc wizards
  3 bullfrog skeletons
  3 iguanas
  5 worker ants
  A big kobold zombie (Ossuary)
  2 hound zombies (Ossuary)
  A hound skeleton (D:7)
  4 mummies
  12 adders
  A howler monkey skeleton (D:4)
  3 shadow imps (D:6)
  3 white imps (IceCv)
  5 ufetubi (IceCv)
  5 adder zombies
  5 worms
  4 dart slugs
  7 leopard geckos
  49 orcs
  3 giant cockroaches
  3 gnoll zombies (Ossuary)
  4 goblins
  7 hobgoblins
  5 jackals
  7 kobolds
  5 quokkas
  2 ball pythons
  9 bats
  4 frilled lizards
  4 goblin zombies (Ossuary)
  5 hobgoblin zombies
  4 jackal zombies (Ossuary)
  4 kobold zombies (Ossuary)
  2 leopard gecko skeletons
  3 orc zombies (Ossuary)
  A quokka skeleton (D:5)
  3 quokka zombies (Ossuary)
  10 rats
  3 rat zombies (Ossuary)
313 creatures vanquished.

Vanquished Creatures (others)
  A hydra (Lair:1)
  5 white imps (IceCv)
  2 ufetubi (IceCv)
8 creatures vanquished.

Grand Total: 321 creatures vanquished

Notes
Turn   | Place    | Note
-------+----------+-------------------------------------------
     0 | Abyss:1  | Gargoyl the Centaur Abyssal Knight began the quest for the Orb.
     0 | Abyss:1  | Reached XP level 1. HP: 19/19 MP: 2/2
     0 | Abyss:1  | Found a corrupted altar of Lugonu.
    11 | Abyss:1  | Found a corrupted altar of Lugonu.
    38 | Abyss:1  | Noticed a large abomination
    38 | Abyss:1  | Noticed an iron imp
    56 | Abyss:1  | Noticed a small abomination
    57 | Abyss:1  | Noticed a large abomination
    80 | Abyss:1  | Noticed a bone dragon
   128 | Abyss:2  | Noticed an ancient zyme
   138 | Abyss:2  | Noticed a water elemental
   145 | Abyss:2  | Noticed a thrashing horror
   146 | Abyss:2  | Noticed a thrashing horror
   148 | D:1      | Escaped the Abyss
   360 | D:1      | Reached XP level 2. HP: 8/26 MP: 3/3
   704 | D:1      | Reached * piety under Lugonu
  1087 | D:1      | Reached XP level 3. HP: 31/31 MP: 3/5
  1356 | D:2      | Reached skill level 2 in Axes
  1830 | D:2      | Reached XP level 4. HP: 22/40 MP: 6/6
  2041 | D:2      | Found a white marble altar of Elyvilon.
  2048 | D:2      | Reached ** piety under Lugonu
  2256 | D:3      | Noticed a centaur
  2276 | D:3      | Killed a centaur
  2276 | D:3      | Reached skill level 1 in Dodging
  2276 | D:3      | Reached XP level 5. HP: 13/46 MP: 7/7
  3009 | D:4      | Noticed a phantom
  3020 | D:4      | Reached skill level 3 in Axes
  3187 | D:4      | Killed a phantom
  3187 | D:4      | Reached XP level 6. HP: 33/52 MP: 8/8
  3526 | D:4      | Noticed Blork the orc
  3532 | D:4      | Killed Blork the orc
  3720 | D:4      | Reached XP level 7. HP: 43/59 MP: 9/9
  3907 | D:4      | Reached skill level 4 in Axes
  4038 | D:4      | Found a shattered altar of Ashenzari.
  4278 | D:4      | Noticed Jessica
  4333 | D:5      | Entered Level 5 of the Dungeon
  4450 | D:4      | Noticed Jessica
  4450 | D:4      | Jessica changed into Jessica the frilled lizard
  4455 | D:4      | Killed Jessica the frilled lizard
  4459 | D:4      | Found a deep blue altar of Sif Muna.
  4636 | D:5      | Found a staircase to the Ecumenical Temple.
  4701 | D:5      | Reached *** piety under Lugonu
  5162 | D:6      | Noticed Prince Ribbit
  5179 | D:6      | Killed Prince Ribbit
  5179 | D:6      | Reached skill level 5 in Axes
  5179 | D:6      | Reached XP level 8. HP: 49/67 MP: 11/11
  5531 | D:6      | Reached skill level 5 in Invocations
  5572 | D:6      | Found Kesuifila's Antique Weapon Emporium.
  5624 | D:6      | Found a sand-covered staircase.
  5635 | Ossuary  | Entered an ossuary
  5764 | Ossuary  | Reached **** piety under Lugonu
  5873 | Ossuary  | Reached skill level 6 in Axes
  6149 | D:6      | Reached skill level 5 in Fighting
  6617 | D:6      | Reached XP level 9. HP: 74/74 MP: 13/13
  6696 | D:7      | Reached skill level 7 in Axes
  6705 | D:7      | Reached ***** piety under Lugonu
  6744 | D:7      | Found Qeykoly's Armour Boutique.
  6745 | D:7      | Found Bimucig's Book Boutique.
  6896 | D:7      | Found Jakatak's Antique Armour Boutique.
  6915 | D:7      | Found Doheadastra's Assorted Antiques.
  6923 | D:7      | Bought a twisted mace for 216 gold pieces
  6923 | D:7      | Identified the +7 mace of Ravage {crush, Stlth+} (You bought it in a shop on level 7 of the Dungeon)
  6926 | D:7      | Found a burning altar of Makhleb.
  7327 | D:7      | Reached skill level 1 in Maces & Flails
  7480 | D:7      | HP: 3/75 [hippogriff (7)]
  7929 | D:7      | Gained mutation: You are frail. (-10% HP) [mutagenic meat]
  7930 | D:7      | Gained mutation: You are clumsy. (Dex -2) [mutagenic meat]
  8113 | D:7      | Reached XP level 10. HP: 70/74 MP: 15/15
  8134 | D:7      | Got a shimmering plate armour
  8155 | D:7      | Identified the +14 plate armour of Valour {rElec Stlth+} (You found it on level 7 of the Dungeon)
  8939 | D:7      | Found Pezew's Antique Armour Shoppe.
  8944 | D:7      | Bought a pair of glowing gloves for 202 gold pieces
  9025 | D:8      | Found a basalt altar of Yredelemnul.
  9025 | D:8      | Found a shimmering altar of Xom.
  9195 | D:8      | Noticed a two-headed ogre
  9206 | D:8      | Killed a two-headed ogre
  9206 | D:8      | Reached skill level 1 in Throwing
  9206 | D:8      | Reached skill level 5 in Armour
  9230 | D:8      | Found Wupsisush's Assorted Antiques.
  9510 | D:8      | Found Ajuobets's Antique Armour Emporium.
  9605 | D:8      | Found Gank's Gadget Boutique.
  9621 | D:8      | Found Camufugo's Armour Boutique.
  9643 | D:8      | Reached skill level 8 in Axes
  9855 | D:9      | Noticed Gastronok
  9871 | D:9      | Killed Gastronok
 10325 | D:9      | Reached XP level 11. HP: 68/82 MP: 17/17
 10402 | D:9      | Found a blossoming altar of Fedhas.
 10422 | D:9      | Found a staircase to the Orcish Mines.
 10526 | D:9      | Found a roughly hewn altar of Beogh.
 10840 | D:9      | Reached skill level 9 in Axes
 11227 | D:10     | Entered Level 10 of the Dungeon
 12092 | D:10     | Found a staircase to the Lair.
 12124 | D:10     | Found a shattered altar of Ashenzari.
 12372 | Lair:1   | Entered Level 1 of the Lair of Beasts
 13206 | Lair:1   | Noticed an eight-headed hydra
 13207 | Lair:1   | Banished an eight-headed hydra
 13896 | Lair:2   | Found a frozen archway.
 13924 | IceCv    | Entered an ice cave
 14524 | IceCv    | HP: 4/84 [ice statue] (3)]
 14525 | IceCv    | Engulfed by an ice statue's freezing vapour

Skill      XL: |  1  2  3  4  5  6  7  8  9 10 11 |
---------------+----------------------------------+-----
Axes           | 2 3 5 6 7 8 9 |  9.6
Invocations    | 3 4 5 7 8 |  8.8
Armour         | 2 3 4 5 7 |  7.0
Dodging        | 1 2 3 |  3.9
Fighting       | 4 5 6 7 |  7.9
Maces & Flails | 3 4 |  4.0
Throwing       | 1 |  1.6
Evocations     | |  0.1

Action                   |  1- 3 |  4- 6 |  7- 9 | 10-12 || total
-------------------------+-------+-------+-------+-------++-------
Melee: Hand axe          |   103 |   115 |     5 |   501 ||   724
       Kick              |    13 |    26 |   109 |   164 ||   312
       War axe           |       |    22 |   272 |       ||   294
       Mace              |       |       |   138 |    10 ||   148
Throw: Tomahawk          |       |     4 |     3 |       ||     7
       Javelin           |       |       |       |     6 ||     6
Invok: Depart the Abyss  |     1 |       |       |       ||     1
       Bend Space        |       |       |     3 |     1 ||     4
       Banish            |       |       |       |     1 ||     1
Evoke: Wand              |       |       |     2 |       ||     2
  Use: Scroll            |     3 |     9 |     8 |    15 ||    35
       Potion            |       |     4 |     4 |     3 ||    11
 Stab: Distracted        |       |       |     1 |       ||     1
  Eat: Chunk             |     2 |     5 |    14 |     5 ||    26
       Bread ration      |       |       |       |     2 ||     2
       Meat ration       |       |       |       |     1 ||     1
Armor: Steam dragon scal |    70 |    73 |   206 |     1 ||   350
       Leather armour    |     1 |       |       |       ||     1
       Plate armour      |       |       |       |   391 ||   391
Dodge: Dodged            |    78 |    93 |   251 |    95 ||   517
